 Dungeon Crawl Stone Soup version 0.23-a0-577-g2b1de94 (webtiles) character file.

134 gruber the Insei (level 5, -8/40 HPs)
             Began as a Gnoll Transmuter on Dec 15, 2018.
             Mangled by an orc
             ... wielding a +1 morningstar of holy wrath
              (15 damage)
             ... on level 3 of the Dungeon.
             The game lasted 00:02:45 (1812 turns).

gruber the Insei (Gnoll Transmuter)                 Turns: 1812, Time: 00:02:46

Health: -8/40      AC:  2    Str: 12    XL:     5   Next: 17%
Magic:  9/12       EV: 23    Int: 17    God:
Gold:   139        SH:  0    Dex: 20    Spells: 8/14 levels left

rFire    . . .     SeeInvis .     - Unarmed
rCold    . . .     Gourm    .   (shield currently unavailable)
rNeg     . . .     Faith    .   (armour currently unavailable)
rPois    x         Spirit   .   (helmet currently unavailable)
rElec    .         Reflect  .   (cloak currently unavailable)
rCorr    .         Harm     .   (gloves currently unavailable)
MR       .....                  (boots currently unavailable)
Stlth    ++........             (no amulet)
HPRegen  0.13/turn              (no ring)
MPRegen  0.13/turn              (no ring)

@: spider-form
A: tiny, distributed training, strong nose
a: End Transformation


You were on level 3 of the Dungeon.
You were not hungry.
You were a venomous arachnid creature.
You visited 1 branch of the dungeon, and saw 3 of its levels.

You collected 139 gold pieces.

Inventory:

Hand Weapons
 j - a +0 hunting sling
Missiles
 a - 85 arrows
 i - 35 stones (quivered)
Armour
 b - a +0 robe (melded)
 s - a +1 scale mail of cold resistance
Jewellery
 o - a +5 ring of strength {unknown}
Scrolls
 e - a scroll of immolation {unknown}
 h - a scroll of enchant weapon {unknown}
 k - a scroll of remove curse {unknown}
 l - 2 scrolls of identify {unknown}
Potions
 c - 2 potions of haste {unknown}
 f - a potion of degeneration {unknown}
 g - 3 potions of curing {unknown}
 m - a potion of cancellation {unknown}
 n - a potion of might {unknown}
 p - a potion of brilliance {unknown}
 q - a potion of flight {unknown}
Comestibles
 d - 7 rations
 r - a chunk of flesh


   Skills:
 + Level 2.9 Fighting
 + Level 1.3 Short Blades
 + Level 1.3 Long Blades
 + Level 1.3 Axes
 + Level 1.3 Maces & Flails
 + Level 1.3 Polearms
 + Level 1.3 Staves
 + Level 1.3 Slings
 + Level 1.3 Bows
 + Level 1.3 Crossbows
 + Level 1.3 Throwing
 + Level 1.3 Armour
 + Level 4.7 Dodging
 + Level 1.3 Stealth
 + Level 1.3 Shields
 + Level 6.6 Unarmed Combat
 + Level 5.1 Spellcasting
 + Level 1.1 Conjurations
 + Level 1.1 Hexes
 + Level 1.1 Charms
 + Level 1.1 Summonings
 + Level 1.1 Necromancy
 + Level 1.1 Translocations
 + Level 3.9 Transmutations
 + Level 1.1 Fire Magic
 + Level 1.1 Ice Magic
 + Level 1.1 Air Magic
 + Level 1.1 Earth Magic
 + Level 1.1 Poison Magic
 + Level 1.5 Invocations
 + Level 1.3 Evocations


You had 8 spell levels left.
You knew the following spells:

 Your Spells              Type           Power        Failure   Level  Hunger
a - Beastly Appendage     Tmut           ###...       10%         1    None
b - Sticks to Snakes      Tmut           ###.....     13%         2    #......
c - Spider Form           Tmut/Pois      ##........   34%         3    ###....

Your spell library contained the following spells:

 Spells                   Type           Power        Failure   Level  Hunger
 Ice Form                 Ice/Tmut       ##......     67%         4    ####...
 Blade Hands              Tmut           ###.......   80%         5    ######.


Dungeon Overview and Level Annotations

Branches:
Dungeon (3/15)

Altars:


Innate Abilities, Weirdness & Mutations

Your experience applies equally to all skills.
((You have very sharp teeth.))
Your uncanny sense of smell can sniff out nearby items.


Message History

Confirm with . or Enter, or press ? or * to list all spells.
You turn into a venomous arachnid creature.
Your +0 robe melds into your body.
The kobold shouts!
You hear a shout!
The kobold closely misses you.
You hit the kobold but do no damage.
The kobold is poisoned.
You bite the kobold!
You kill the kobold!
Items here: )) [ † a +0 dagger; a +0 club; a +0 leather armour; an orc corpse An orc comes into view.
It is wielding a +1 morningstar of holy wrath and The orc shouts!
The orc zaps a wand.
You are blasted!
* * * LOW HITPOINT WARNING * * *
You see here a +0 flail.
The orc zaps a wand.
You are blasted!
* * * LOW HITPOINT WARNING * * *
You hit the orc but do no damage.
The orc hits you with a +1 morningstar of holy wrath!
You die...

...........'.............
......##...#..#.........
......#######.#.....####
......# #....)..# ##...##
##......# #...# #......#
#...# #..))..# #...#
#...o..# #...#######
##.s#(## #.........#
#..#..o ∆ ####......#
#....### #......# #....#
#......####....#
#........###>...
#........# ######
##...#†..#####
#...#.......#


You could see an orc.

Vanquished Creatures
  4 adders
  An ooze (D:2)
  3 worms
  2 dart slugs
  A leopard gecko (D:1)
  4 orcs (D:3)
  4 ball pythons (D:1)
  3 giant cockroaches (D:1)
  8 goblins
  10 hobgoblins
  4 jackals (D:1)
  2 quokkas (D:2)
  8 bats
  5 frilled lizards
  6 kobolds
  6 rats
71 creatures vanquished.

Notes
Turn   | Place    | Note
-------+----------+-------------------------------------------
     0 | D:1      | gruber the Gnoll Transmuter began the quest for the Orb.
     0 | D:1      | Reached XP level 1. HP: 17/17 MP: 6/6
   124 | D:1      | Reached XP level 2. HP: 23/23 MP: 5/7
   348 | D:1      | Reached XP level 3. HP: 25/28 MP: 9/9
   353 | D:1      | Reached skill level 5 in Spellcasting
   426 | D:1      | Learned a level 2 spell: Sticks to Snakes
   430 | D:1      | Learned a level 3 spell: Spider Form
   684 | D:1      | Reached skill level 1 in Invocations
   813 | D:2      | Reached skill level 1 in Short Blades
   813 | D:2      | Reached skill level 1 in Long Blades
   813 | D:2      | Reached skill level 1 in Axes
   813 | D:2      | Reached skill level 1 in Maces & Flails
   813 | D:2      | Reached skill level 1 in Polearms
   813 | D:2      | Reached skill level 1 in Staves
   813 | D:2      | Reached skill level 1 in Slings
   813 | D:2      | Reached skill level 1 in Bows
   813 | D:2      | Reached skill level 1 in Crossbows
   813 | D:2      | Reached skill level 1 in Throwing
   813 | D:2      | Reached skill level 1 in Armour
   813 | D:2      | Reached skill level 1 in Stealth
   813 | D:2      | Reached skill level 1 in Shields
   813 | D:2      | Reached skill level 1 in Evocations
   813 | D:2      | Reached XP level 4. HP: 15/34 MP: 9/11
  1291 | D:2      | Found a faded altar of an unknown god.
  1596 | D:3      | Reached skill level 1 in Conjurations
  1596 | D:3      | Reached skill level 1 in Hexes
  1596 | D:3      | Reached skill level 1 in Charms
  1596 | D:3      | Reached skill level 1 in Summonings
  1596 | D:3      | Reached skill level 1 in Necromancy
  1596 | D:3      | Reached skill level 1 in Translocations
  1596 | D:3      | Reached skill level 1 in Fire Magic
  1596 | D:3      | Reached skill level 1 in Ice Magic
  1596 | D:3      | Reached skill level 1 in Air Magic
  1596 | D:3      | Reached skill level 1 in Earth Magic
  1596 | D:3      | Reached skill level 1 in Poison Magic
  1616 | D:3      | Reached XP level 5. HP: 40/40 MP: 9/12
  1812 | D:3      | Mangled by an orc

Vault maps used:
D:1:      lightli_arrival_isolated_outpost
D:2:      chequers_ecumenical_altar_twisty, hangedman_decor_diamond_cutter
D:3:      overflow_temple_1_default

Skill      XL: |  1  2  3  4 |
---------------+-------------+-----
Spellcasting   | 5 |  5.1
Invocations    | 1 |  1.5
Short Blades   | 1 |  1.3
Long Blades    | 1 |  1.3
Axes           | 1 |  1.3
Maces & Flails | 1 |  1.3
Polearms       | 1 |  1.3
Staves         | 1 |  1.3
Slings         | 1 |  1.3
Bows           | 1 |  1.3
Crossbows      | 1 |  1.3
Throwing       | 1 |  1.3
Armour         | 1 |  1.3
Stealth        | 1 |  1.3
Shields        | 1 |  1.3
Evocations     | 1 |  1.3
Conjurations   | 1 |  1.1
Hexes          | 1 |  1.1
Charms         | 1 |  1.1
Summonings     | 1 |  1.1
Necromancy     | 1 |  1.1
Translocations | 1 |  1.1
Fire Magic     | 1 |  1.1
Ice Magic      | 1 |  1.1
Air Magic      | 1 |  1.1
Earth Magic    | 1 |  1.1
Poison Magic   | 1 |  1.1
Fighting       | |  2.9
Dodging        | |  4.7
Unarmed Combat | |  6.6
Transmutations | |  3.9

Action                   |  1- 3 |  4- 6 || total
-------------------------+-------+-------++-------
Melee: Unarmed           |    98 |    74 ||   172
       Bite              |     8 |     3 ||    11
       Headbutt          |     5 |     2 ||     7
       Kick              |     8 |     5 ||    13
 Cast: Beastly Appendage |    15 |     9 ||    24
       Spider Form       |       |     6 ||     6
 Stab: Sleeping          |     2 |     2 ||     4
  Eat: Chunk             |       |     3 ||     3
Armor: Robe              |    13 |     2 ||    15
Dodge: Dodged            |    68 |    52 ||   120

Table legend:
 A = Non-vault XP
 B = Vault XP
 C = Vault XP percentage of total XP
 D = Non-vault monster count
 E = Vault monster count
 F = Vault count percentage of total count
                 A         B        C        D         E       F
            +---------+---------+-------+---------+---------+-------
      Total |     192 |       0 |   0.0 |      71 |       0 |   0.0
            +---------+---------+-------+---------+---------+-------
        D:1 |      57 |       0 |   0.0 |      32 |       0 |   0.0
        D:2 |      52 |       0 |   0.0 |      19 |       0 |   0.0
        D:3 |      83 |       0 |   0.0 |      20 |       0 |   0.0
            +---------+---------+-------+---------+---------+-------
